 Dungeon Sprint DCSS version 0.19.0-2-gae57169 (webtiles) character file.

437 poirepourri the Cruncher (level 7, -4/69 HPs)
             Began as a Gargoyle Gladiator on Nov 3, 2016.
             Was a Believer of Okawaru.
             Slain by a vampire knight
             ... wielding a +2 great sword
              (20 damage)
             ... in the Dungeon (Sprint VII: "The Pits").
             The game lasted 00:01:00 (513 turns).

poirepourri the Cruncher (Gargoyle Gladiator)        Turns: 513, Time: 00:01:01

Health: -4/69      AC:  9    Str: 24    XL:     7   Next: 1%
Magic:  7/7        EV: 15    Int:  8    God:    Okawaru [**....]
Gold:   0          SH:  0    Dex: 12    Spells: 0 memorised, 6 levels left

rFire  . . .     SeeInvis .     l - +2 quarterstaff
rCold  . . .     Gourm    .     b - +0 leather armour
rNeg   + . .     Faith    .     (shield currently unavailable)
rPois  ∞         Spirit   .     c - +0 helmet
rElec  +         Reflect  .     (no cloak)
rCorr  .         Harm     .     (no gloves)
MR     .....     NoTele   +     (no boots)
Stlth  ..........               (no amulet)
                                (no ring)
                                (no ring)

@: berserking, very quick
A: negative energy resistance 1, electricity resistance, unbreathing,
petrification resistance, rot immunity, AC +4
a: Heroism, Renounce Religion


You were in the Dungeon.
You worshipped Okawaru.
Okawaru was pleased with you.
You were not hungry.

You visited 1 branch

Inventory:

Hand Weapons
 a - a +0 quarterstaff
 l - a +2 quarterstaff (weapon)
Missiles
 d - 3 throwing nets (quivered)
Armour
 b - a +0 leather armour (worn)
 c - a +0 helmet (worn)
Scrolls
 k - a scroll of blinking
 n - 3 scrolls of remove curse
 o - 5 scrolls of amnesia
 p - a scroll of summoning
Potions
 g - a potion of heal wounds
 h - a potion of haste
 i - 4 potions of magic
 j - a potion of berserk rage
 m - 2 potions of invisibility
Comestibles
 f - 8 bread rations
 q - 40 fruits
 r - 7 meat rations


   Skills:
 + Level 6.0 Fighting
 + Level 9.8 Staves
 + Level 4.1 Throwing
 + Level 3.1 Armour
 + Level 7.3 Dodging


You had 6 spell levels left.
You didn't know any spells.

Dungeon Overview and Level Annotations

Branches:
Dungeon (1/1)

Altars:
Ashenzari
Cheibriados
Dithmenos
Elyvilon
Fedhas
Gozag
Hepliaklqana
Kikubaaqudgha
Makhleb
Nemelex Xobeh
Okawaru
Qazlal
Ru
Sif Muna
Trog
Uskayaw
Vehumet
Xom
Yredelemnul
Zin
The Shining One
Beogh
Jiyva
Lugonu


Innate Abilities, Weirdness & Mutations

You are resistant to torment.
Your stone body is resilient. (AC +4)
You are immune to poison.
You resist negative energy. (rN+)
You are resistant to electric shocks. (rElec)
You can survive without breathing.
You are immune to petrification.
You are immune to rotting.


Message History

Your Throwing skill increases to level 4!
Your Armour skill increases to level 3!
Your Dodging skill increases to level 7!
You have reached level 7!
You hit the vampire knight.
The vampire knight is lightly damaged.
The vampire knight hits you but does no damage.
The vampire knight closely misses you.
You hit the vampire knight but do no damage.
The vampire knight is lightly damaged.
You completely miss the vampire knight.
The vampire knight is lightly damaged.
The vampire knight hits you with an enchanted great sword!!
Ouch! That really hurt!
* * * LOW HITPOINT WARNING * * *
The vampire knight barely misses you.
A red film seems to cover your vision as you go berserk!
You feel yourself moving faster!
You feel mighty!
The vampire knight hits you with an enchanted great sword!!
You die...

#.# #.......# #.#
#.......# #)#
#.......# #)#
#...<...# #.#
#.......# #.#
#.......#
#'###########.......#
#..#.#.##..##########
#.......#@######
##.#.#.##V#....#
#.......#r#....#
##.#.#.##.'....+
#.......#†#....#
##.#.#..'.#....#
###############


You could see a vampire knight and a river rat.

Vanquished Creatures
  A shadow (D)
  A black bear (D)
  A crocodile (D)
  2 orc priests (D)
  An orc wizard (D)
  A worker ant (D)
  An adder (D)
  A worm (D)
  2 orcs (D)
  A bat (D)
  A giant cockroach (D)
  A giant cockroach zombie (D)
  A goblin (D)
  A kobold (D)
  A rat (D)
17 creatures vanquished.

Notes
Turn   | Place    | Note
-------+----------+-------------------------------------------
     0 | D        | poirepourri the Gargoyle Gladiator began the quest for the Orb.
     0 | D        | Reached XP level 1. HP: 12/12 MP: 1/1
    54 | D        | Found a radiant altar of Vehumet.
    54 | D        | Found a hide-covered altar of Uskayaw.
    54 | D        | Found an ancient bone altar of Kikubaaqudgha.
    54 | D        | Found a viscous altar of Jiyva.
    54 | D        | Found a hazy altar of Hepliaklqana.
    55 | D        | Found a bloodstained altar of Trog.
    55 | D        | Found a deep blue altar of Sif Muna.
    55 | D        | Found a sacrificial altar of Ru.
    55 | D        | Found a stormy altar of Qazlal.
    55 | D        | Found an iron altar of Okawaru.
    55 | D        | Found a sparkling altar of Nemelex Xobeh.
    55 | D        | Found an opulent altar of Gozag.
    55 | D        | Found a blossoming altar of Fedhas.
    55 | D        | Found a white marble altar of Elyvilon.
    55 | D        | Found a shadowy altar of Dithmenos.
    55 | D        | Found a snail-covered altar of Cheibriados.
    56 | D        | Found a glowing golden altar of the Shining One.
    56 | D        | Found a glowing silver altar of Zin.
    58 | D        | Found a roughly hewn altar of Beogh.
    58 | D        | Found a burning altar of Makhleb.
    58 | D        | Found a basalt altar of Yredelemnul.
    59 | D        | Found a shattered altar of Ashenzari.
    59 | D        | Found a corrupted altar of Lugonu.
    59 | D        | Found a shimmering altar of Xom.
    67 | D        | Became a worshipper of Warmaster Okawaru
    97 | D        | Noticed an orc priest
    98 | D        | Noticed a worker ant
   106 | D        | Killed an orc priest
   106 | D        | Reached skill level 4 in Staves
   106 | D        | Reached XP level 2. HP: 10/19 MP: 2/2
   106 | D        | Reached XP level 3. HP: 12/23 MP: 3/3
   111 | D        | Noticed a black bear
   117 | D        | Reached skill level 5 in Staves
   123 | D        | Killed a black bear
   123 | D        | Reached * piety under Okawaru
   123 | D        | Reached skill level 6 in Staves
   123 | D        | Reached skill level 1 in Armour
   123 | D        | Reached skill level 5 in Dodging
   123 | D        | Reached XP level 4. HP: 17/29 MP: 4/4
   123 | D        | Reached XP level 5. HP: 20/33 MP: 5/5
   127 | D        | Reached skill level 7 in Staves
   318 | D        | Noticed a crocodile
   324 | D        | Killed a crocodile
   324 | D        | Reached skill level 5 in Fighting
   324 | D        | Reached skill level 8 in Staves
   324 | D        | Reached XP level 6. HP: 19/40 MP: 6/6
   499 | D        | Noticed a vampire knight
   499 | D        | Noticed a shadow
   508 | D        | Killed a shadow
   508 | D        | Reached ** piety under Okawaru
   508 | D        | Reached skill level 9 in Staves
   508 | D        | Reached XP level 7. HP: 38/46 MP: 7/7
   513 | D        | Slain by a vampire knight

Skill      XL: |  1  2  3  4  5  6 |
---------------+-------------------+-----
Fighting       | 3 4 5 6 |  6.0
Staves         | 4 6 8 9 |  9.8
Throwing       | 2 3 4 |  4.1
Dodging        | 3 5 6 7 |  7.3
Armour         | 1 2 3 |  3.1

Action                   |  1- 3 |  4- 6 |  7- 9 || total
-------------------------+-------+-------+-------++-------
Melee: Quarterstaff      |    16 |    33 |     3 ||    52
  Use: Potion            |     2 |       |     1 ||     3
Armor: Leather armour    |     9 |     6 |     1 ||    16
Dodge: Dodged            |     9 |    15 |     2 ||    26
